Unix NetHack Version 5.0.0-0 post-release - last build Jul 14 2026 02:55:29 (1809b74e8187c3a3585e283601c3028b46cbbdcb,branch:main).

Game began 2026-07-17 18:16:45, ended 2026-07-17 18:29:41.

Koku, neutral female gnomish Wizard

                   ---                    ----       ----      -------
                  --.---             ##   |..--      |..--------.|.|.--
   -----        ---....---            ## --...|      |...|.--.........|
   |...----------........--           ###|...-|      --..............-|----
   |......................--       --- ###-...----    ---....---.|.|..--..---
   --..---------.........>.|    ----.--####-...|.--     |-...| ------.......--
    |.^|      |...........------#......#####......|  ----....|--- --.........|
    --.--     --.........................##......-- --.|....-|..--|.....--..--
     |..------ --.........--.###................-----.......||....|...-------
     --......-- ----..........@.-...........G...|.......--..|---.....--
      ---.)...|    ----.......i...h...............--...-||..-- --....|
        |.....--     --....f.........--..---....-----...--...----....|
        |..)...--    |...............|---- |..---   --.....--..|.....--
   ---- |..--...|    |.)...[^.--....l|     ----      |....----........---- ---
  --..| --......|    --.......|--.--.-----           --...-- --..........---.--
  |...-------...|     |-.....-- ---|.....|            |....---|..--.......|...|
  |..<...|......--    |......--    |-...--            ----...-------..........|
  |...*..^.......|    |.......|   --....--               |....|    |........---
  --.............|    |.--.|.--   |......|               --..--    -----...--
   ----.--.|.-----    --------    |..--.--                ----         -----
      --------                    -------
Koku the Conjurer         St:13 Dx:11 Co:13 In:19 Wi:11 Ch:11  Neutral
Dlvl:4  $:22 HP:0(25) Pw:8(37) AC:9  Xp:4 T:1275  Satiated Burdened

Latest messages:
 There is an acid blob corpse here; eat it? [ynq] (n) y
 You have a very bad case of stomach acid.
 You finish eating the acid blob corpse.
 You hear crashing rock.
 Really step onto that falling rock trap? [yn] (n) n
 In what direction? 4
 You kick a rock.
 In what direction? 4
 You kick a hooded cloak.
 In what direction? 4
 You kick a pair of hard shoes.
 The pair of hard shoes misses Tulip.
 In what direction? 4
 You kick a dagger.
 You have a little trouble lifting U - a dagger.
 What do you want to drop? [$a-fhk-msvwDINQ-U or ?*] U
 You drop a dagger.
 The imp hits!
 In what direction? 2
 The spell misses the imp.
 The imp hits!
 A leprechaun suddenly appears close by!
 In what direction? 2
 The spell misses the imp.
 The imp hits!
 The imp casts aspersions on your ancestry.
 Tulip misses the imp.
 In what direction? 2
 The spell hits the imp!
 The imp resists!
 The imp hits!
 Tulip misses the imp.
 Tulip bites the imp.
 The imp hits Tulip.
 In what direction? 2
 The imp seems to be moving slower.
 The imp hits!
 In what direction? 2
 The spell hits the imp!
 The imp resists!
 The imp hits!
 "Mercy!  Dost thou wish me to die of laughter?"
 The imp hits!
 You die...
 Do you want your possessions identified? [ynq] (y) y
 Do you want to see your attributes? [ynq] (y) y
 Do you want an account of creatures vanquished? [ynaq] (y) y
 Do you want a list of species genocided? [ynq] (y) y
 Do you want to see your conduct and achievements? [ynq] (y) y
 Do you want to see the dungeon overview? [ynq] (y) n

Inventory:
 Coins    ('$')
  $ - 22 gold pieces
 Weapons  (')')
  N - a +0 elven dagger (weapon in right hand)
  a - a blessed +2 quarterstaff (alternate weapon; not wielded)
 Armor    ('[')
  b - a blessed +0 cloak of magic resistance (being worn)
 Comestibles  ('%')
  Q - an uncursed partly eaten food ration
  R - 2 uncursed food rations
 Scrolls  ('?')
  T - an uncursed scroll of food detection
  h - an uncursed scroll of stinking cloud
 Spellbooks  ('+')
  I - an uncursed spellbook of extra healing
  k - a blessed spellbook of force bolt
  l - an uncursed spellbook of slow monster
 Potions  ('!')
  f - 2 uncursed potions of water
 Rings    ('=')
  e - an uncursed ring of fire resistance (on left hand)
  v - an uncursed ring of levitation
  d - an uncursed ring of polymorph control (on right hand)
 Wands    ('/')
  c - a wand of digging (0:8)
  D - a wand of digging (0:5)
 Tools    ('(')
  m - a magic marker (0:20)
 Gems/Stones  ('*')
  s - 2 uncursed worthless pieces of blue glass
  w - an uncursed worthless piece of orange glass
  S - a cursed loadstone

Koku the Wizard's attributes:

Background:
 You were a Conjurer, a level 4 female gnomish Wizard.
 You were neutral, nominally on a mission for Thoth
 who was opposed by Ptah (lawful) and Anhur (chaotic).
 You were right-handed.
 You were in the Gnomish Mines, on level 4.
 You entered the dungeon 1275 turns ago.
 There was a new moon in effect when your adventure ended.
 You had 82 experience points, 78 more were needed to attain level 5.

Basics:
 You had 0 out of 25 hit points.
 You had 8 out of 37 energy points (spell power).
 Your armor class was 9.
 Your wallet contained 22 zorkmids.
 Autopickup was off.

Final Characteristics:
 Your strength was 13 (limit:18/50).
 Your dexterity was 11 (limit:18).
 Your constitution was 13 (limit:18).
 Your intelligence was 19 (limit:19).
 Your wisdom was 11 (limit:18).
 Your charisma was 11 (limit:18).

Final Status:
 You were satiated.
 You were burdened; movement was slightly slowed.
 You were wielding a dagger.
 You were unskilled in dagger.

Final Attributes:
 You were devoutly aligned.
 You were magic-protected.
 You were fire resistant.
 Your items were protected from fire.
 You had infravision.
 You were warded.
 You had polymorph control.
 You were fast.
 You are dead.

Miscellaneous:
 You didn't encounter any bones levels.
 Total elapsed playing time was 12 minutes and 56 seconds.

Major events:
 Turn
    1: Koku the neutral female gnomish Wizard entered the dungeon
    3: performed her first genocide (large mimics)
  493: attained the rank of Conjurer (level 3)
 1002: entered the Gnomish Mines
 1275: killed by an imp

Spells:
 Name                 Level Category     Fail Retention
 force bolt             1   attack         0%  91%-100%
 slow monster           2   enchantment    0%  91%-100%
 extra healing          3   healing       79%  76%-100%

Skills:
 Fighting Skills
   bare handed combat [Unskilled]
   riding             [Unskilled]
 Weapon Skills
   dagger             [Unskilled]
   knife              [Unskilled]
   axe                [Unskilled]
   short sword        [Unskilled]
   club               [Unskilled]
   mace               [Unskilled]
   quarterstaff       [Basic]
   polearms           [Unskilled]
   spear              [Unskilled]
   trident            [Unskilled]
   sling              [Unskilled]
   dart               [Unskilled]
   shuriken           [Unskilled]
 Spellcasting Skills
   attack spells      [Basic]
   healing spells     [Unskilled]
   divination spells  [Unskilled]
   enchantment spells [Basic]
   clerical spells    [Unskilled]
   escape spells      [Unskilled]
   matter spells      [Unskilled]

Voluntary challenges:
 Character rerolling was not enabled.
 You followed a strict vegan diet.
 You were an atheist.
 You genocided 1 type of monster.
 You never polymorphed an object.
 You never changed form.
 You used no wishes.
Achievements:
 You attained the rank of Conjurer.
 You entered a shop.
 You entered the Gnomish Mines.

 The Dungeons of Doom: levels 1 to 3
    Level 1:
       A fountain.
    Level 2:
       A potion shop, a fountain.
    Level 3:
       Stairs down to The Gnomish Mines.
 The Gnomish Mines:
    Level 4: <- You were here.
       Final resting place for
          you, killed by an imp.


Vanquished creatures:
  a dwarf
 an iguana
 an acid blob
  a coyote
  a hobbit
  a hobgoblin
  2 giant rats
  a green mold
  a gnome
  a gnome zombie
  2 geckos
  4 jackals
  3 goblins
  a sewer rat
  4 grid bugs
  3 lichens
  4 newts
32 creatures vanquished.

Genocided species:
 large mimics
1 species genocided.

Game over:
                       ----------
                      /          \
                     /    REST    \
                    /      IN      \
                   /     PEACE      \
                  /                  \
                  |       Koku       |
                  |      22 Au       |
                  | killed by an imp |
                  |                  |
                  |                  |
                  |                  |
                  |       2026       |
                 *|     *  *  *      | *
        _________)/\\_//(\/(/\)/\//\/|_)_______

Goodbye Koku the Wizard...

You died in The Gnomish Mines on dungeon level 4 with 568 points,
and 22 pieces of gold, after 1275 moves.
You were level 4 with a maximum of 25 hit points when you died.

